 Dungeon Crawl Stone Soup version 0.16-a0-1132-gad589c6 (webtiles) character file.

219 Kashira the Chopper (level 5, 0/28 HPs)
             Began as a Vine Stalker Berserker on Oct 7, 2014.
             Was a Believer of Trog.
             Slain by an orc
             ... wielding a +0 hand axe
              (1 damage)
             ... on level 3 of the Dungeon.
             The game lasted 00:09:36 (2054 turns).

Kashira the Chopper (Vine Stalker Berserker)        Turns: 2054, Time: 00:09:36

Health: 0/28       AC:  6    Str: 21    XL:     5   Next: 96%
Magic:  0/7        EV: 10    Int:  7    God:    Trog [**....]
Gold:   164        SH:  0    Dex: 13    Spells: 0 memorised, 4 levels left

rFire  . . .     SeeInvis .     a - +1 hand axe
rCold  . . .     Clarity  +     e - +0 ring mail
rNeg   . . .     SustAb   .     (no shield)
rPois  .         Gourm    .     j - +0 helmet (curse)
rElec  .         Spirit   +     (no cloak)
rCorr  .         Warding  .     (no gloves)
rMut   .         Stasis   .     (no boots)
MR     ++...                    d - amulet of clarity
Stlth  +.........               (no ring)
                                (no ring)

@: exhausted, regenerating, slowed, very slow, very resistant to hostile
enchantments, very unstealthy
A: fangs 2, regeneration 1, magic shield, antimagic bite, no device heal 3, rot
immunity
a: Burn Spellbooks, Berserk, Trog's Hand, Renounce Religion


You were on level 3 of the Dungeon.
You worshipped Trog.
Trog was pleased with you.
You were hungry.

You visited 1 branch of the dungeon, and saw 3 of its levels.

You collected 164 gold pieces.

Inventory:

Hand weapons
 a - a +1 hand axe (weapon)
Missiles
 h - 6 silver javelins (quivered)
Armour
 b - a +0 animal skin
 e - a +0 ring mail (worn)
 j - a cursed +0 helmet (worn)
 s - a +2 hat
 u - a troll hide {Purgy}
Comestibles
 c - 5 bread rations
 n - 3 beef jerkies
 o - 2 chunks of orc flesh
 q - 3 meat rations
 t - a rotting chunk of troll flesh
Scrolls
 g - a scroll of teleportation
 v - a scroll of remove curse {unknown}
Jewellery
 d - an amulet of clarity (around neck)
 m - an uncursed ring of protection from fire {unknown}
Potions
 f - a potion of cancellation
 k - 3 potions of heal wounds
 l - a potion of curing {unknown}
 p - 2 potions of agility {unknown}
Books
 i - a book of Envenomations

   Spells                             Type                      Level
   Spider Form                        Transmutation/Poison         3
   Alistair's Intoxication            Transmutation/Poison         4
   Olgreb's Toxic Radiance            Poison                       4
   Poisonous Cloud                    Conjuration/Poison/Air       6
   Trog disapproves of the use of such an item.


   Skills:
 + Level 3.6 Fighting
 + Level 3.8 Axes
 + Level 2.4 Armour
 + Level 2.9 Dodging
 + Level 0.6 Stealth


You had 4 spell levels left.
You didn't know any spells.

Dungeon Overview and Level Annotations

Branches:
Dungeon (3/15)

Altars:
Fedhas
Okawaru


Innate Abilities, Weirdness & Mutations

You have extremely sharp teeth.
Your natural rate of healing is unusually fast.
When hurt, damage is shared between your health and your magic reserves.
Your bite disrupts and absorbs the magic of your enemies.
Potions and wands cannot restore your health.
You are immune to rotting.


Message History

You are exhausted.
You feel yourself slow down.
You are feeling hungry.
You hit the orc. You bite the orc. You drain its power.
The orc is severely wounded.
The orc priest invokes the aid of Beogh against you.
Something smites you!
The orc priest calls down the wrath of Beogh upon you.
Something smites you!
* * * LOW HITPOINT WARNING * * *
The orc closely misses you.
Use which ability? (? or * to list)
Your skin crawls.
You feel resistant to hostile enchantments.
You feel slightly more hungry.
The orc priest invokes the aid of Beogh against you.
Something smites you!
* * * LOW HITPOINT WARNING * * *
The orc hits you with a hand axe.
You die...

#...# #......#
#._.# #.#.##.#
#.### #.#.##.# ..#
#.#.##.#
########.#.##.#
.##.....().##.####
.##.#####(.......#
.##.# #..#####.##
....# #..# #@o#
##### ##########o#
........o..#
..#...#..o#o#
o...........#
..#...#...###
..........# ##
########


You could see 2 orc priests and an orc.

Vanquished Creatures
  Purgy (D:3)
  An orc wizard (D:3)
  2 adders (D:3)
  2 worms (D:2)
  2 giant mites
  2 giant geckos
  An orc (D:3)
  A ball python (D:2)
  10 bats
  9 goblins
  6 hobgoblins
  2 giant cockroaches
  5 giant newts
  4 jackals (D:1)
  6 kobolds
  4 rats
58 creatures vanquished.

Notes
Turn   | Place    | Note
--------------------------------------------------------------
     0 | D:1      | Kashira, the Vine Stalker Berserker, began the quest for the Orb.
     0 | D:1      | Reached XP level 1. HP: 11/11 MP: 1/1
   210 | D:1      | Reached XP level 2. HP: 14/16 MP: 0/3
   256 | D:1      | Reached skill level 3 in Axes
   467 | D:1      | Reached XP level 3. HP: 20/20 MP: 4/4
   909 | D:2      | Acquired Trog's second power
  1045 | D:2      | Reached XP level 4. HP: 19/24 MP: 5/5
  1445 | D:3      | Found an iron altar of Okawaru.
  1734 | D:3      | Noticed Purgy
  1742 | D:3      | Killed Purgy
  1742 | D:3      | Reached XP level 5. HP: 28/28 MP: 7/7
  1995 | D:3      | Found a blossoming altar of Fedhas.
  2054 | D:3      | HP: 1/28 [orc priest/divine providence (9)]
  2054 | D:3      | Slain by an orc

Action                   |  1- 3 |  4- 6 || total
-------------------------+-------+-------++-------
Melee: Hand axe          |    90 |    59 ||   149
Throw: Javelin           |       |     2 ||     2
Invok: Berserk           |       |     3 ||     3
       Trog's Hand       |       |     2 ||     2
  Use: Scroll            |     6 |     3 ||     9
  Eat: Chunk             |       |     6 ||     6
